Map: Invader LE

Players

AliR

  • Race: Zerg Zerg
  • League: Gold

capac - Winner!

  • Race: Terran Terran
  • League: Gold

VOD

Have the link to the VOD?

Description

Time

  • Played on: April 17, 2016, 1:34 p.m.
  • Length: 24:03
Show
View Real Time Build Order
Export as new Build Order

AliR Zerg 

Build Orders: Hatch First, Lurkers 

Get SALT Encoding   

  12  0:01  Drone  
  13  0:12  Overlord  
  13  0:17  Drone  
  14  0:31  Drone x2  
  14  0:35  Drone  
  17  0:53  Hatchery  
  17  0:55  Drone  
  17  1:08  Drone  
  18  1:19  Extractor  
  18  1:22  Spawning Pool, Drone  
  18  1:23  Drone  
  18  1:35  Drone  
  18  1:39  Overlord  
  19  1:53  Drone  
  20  2:21  Drone  
  20  2:22  Drone x3  
  24  2:23  Metabolic Boost  
  24  2:25  Queen  
  24  2:26  Queen  
  28  2:34  Drone x3  
  31  2:43  Overlord  
  31  2:49  Drone x2  
  33  2:55  Zergling x2  
  34  3:13  Drone x3  
  37  3:20  Drone  
  37  3:21  Hatchery  
  37  3:35  Drone x3  
  37  3:36  Overlord x2, Drone  
  37  3:38  Drone x3  
  44  3:52  Extractor, Lair  
  44  3:54  Queen  
  44  3:55  Drone x3  
  47  4:03  Overlord x2  
  47  4:06  Drone x2  
  47  4:07  Drone  
  50  4:19  Overlord x2  
  50  4:20  Drone x2  
  50  4:23  Drone  
  53  4:40  Spore Crawler  
  53  4:43  Zergling x8  
  53  4:44  Drone x3  
  53  4:45  Drone x3  
  62  4:50  Roach Warren  
  62  4:51  Spore Crawler  
  60  4:56  Drone x3  
  60  4:57  Extractor  
  62  5:02  Hydralisk Den  
  61  5:14  Evolution Chamber  
  61  5:15  Evolution Chamber  
  59  5:31  Roach x6  
  59  5:34  Glial Reconstitution  
  71  5:36  Lurker Den  
  71  5:39  Drone x5  
  71  5:40  Drone x2  
  71  5:42  Zerg Missile Weapons Level 1  
  78  5:43  Extractor  
  78  5:49  Drone  
  79  5:50  Extractor, Drone  
  79  5:52  Drone  
  79  5:54  Extractor  
  78  5:58  Zerg Ground Armor Level 1  
  78  6:19  Drone x3  
  81  6:29  Drone  
  81  6:30  Drone x11  
  91  7:06  Roach  
  91  7:07  Roach x2  
  97  7:11  Overlord x2  
  97  7:12  Overlord  
  96  7:19  Spore Crawler  
  95  7:26  Hydralisk  
  95  7:28  Overlord x3  
  95  7:29  Overlord x3  
  97  7:39  Pneumatized Carapace  
  97  7:42  Burrow  
  97  7:45  Zerg Missile Weapons Level 2  
  97  7:50  Hydralisk  
  97  7:51  Hydralisk x8  
  99  7:55  Zerg Ground Armor Level 2  
  115  8:02  Lurker  
  116  8:08  Hydralisk x9  
  116  8:09  Hydralisk  
  135  8:20  Lurker  
  135  8:21  Lurker x2  
  138  8:59  Ravager x4  
  138  9:00  Ravager, Roach  
  138  9:01  Roach x12  
  169  9:03  Overlord  
  169  9:19  Spine Crawler  
  169  9:20  Spine Crawler  
  167  9:36  Muscular Augments  
  167  9:38  Infestation Pit  
  166  9:46  Overseer  
  166  9:54  Roach  
  166  9:55  Roach x4  
  174  10:19  Ravager x3  
  174  10:20  Overlord x3  
  177  10:27  Roach x3  
  177  10:37  Overlord x2  
  170  11:21  Zergling x2  
  170  11:22  Zergling x34  
  170  11:23  Zergling x4  
  170  11:24  Zergling x6  
  193  11:33  Hatchery  
  130  12:14  Hive  
  130  12:26  Roach  
  130  12:27  Roach x13  
  158  12:42  Roach x3  
  165  12:44  Ravager x4  
  165  12:45  Ravager x2  
  168  13:00  Lurker x4  
  153  13:55  Roach x4  
  161  13:56  Roach x12  
  178  14:11  Roach x6  
  180  14:45  Roach  
  180  14:46  Roach x6  
  192  15:01  Roach x4  
  200  15:07  Hatchery  
  199  15:16  Ravager  
  200  15:21  Hatchery  
  200  15:26  Ultralisk Cavern  
  198  15:40  Ravager  
  198  15:41  Ravager  
  200  15:48  Extractor x2  
  198  15:54  Hatchery  
  197  16:14  Zerg Missile Weapons Level 3  
  197  16:15  Zerg Ground Armor Level 3  
  197  16:16  Chitinous Plating  
  182  17:10  Ultralisk x3  
  200  17:18  Roach x34  
  194  18:11  Ravager x4  
  194  18:12  Ravager x2  
  197  19:00  Ultralisk x2  
  191  19:12  Overseer  
  188  19:28  Lurker x3  
  112  20:55  Viper x6  
  130  22:22  Hydralisk x3  
  132  22:23  Hydralisk x18  
  172  22:54  Overlord  
Show
View Real Time Build Order
Export as new Build Order

capac Terran - Winner!

Build Orders: Reaper Expand, Bio Tank 

Get SALT Encoding   

  12  0:00  SCV  
  13  0:13  SCV  
  14  0:18  Supply Depot  
  14  0:26  SCV  
  15  0:39  SCV  
  15  0:41  Barracks  
  16  0:46  Refinery  
  16  0:52  SCV  
  17  1:04  SCV  
  18  1:16  SCV  
  19  1:29  Reaper  
  19  1:30  Orbital Command  
  20  1:43  Command Center  
  20  1:51  Supply Depot  
  20  1:57  SCV  
  20  2:01  Marine  
  22  2:12  Factory, SCV  
  23  2:25  Barracks Reactor  
  23  2:27  SCV  
  24  2:57  Bunker, Factory Tech Lab  
  24  2:58  Refinery  
  25  3:01  Barracks  
  25  3:04  Barracks  
  25  3:07  Orbital Command  
  25  3:10  Marine x2  
  26  3:15  SCV  
  27  3:28  Marine x2  
  27  3:31  Siege Tank  
  27  3:32  SCV  
  32  3:40  SCV  
  33  3:44  SCV  
  33  3:46  Marine  
  33  3:47  Marine  
  36  3:49  Barracks Tech Lab  
  36  3:52  Barracks Reactor  
  36  4:06  Supply Depot  
  36  4:07  SCV  
  36  4:08  Siege Tank  
  40  4:12  Supply Depot  
  40  4:25  Supply Depot, Marine x2  
  40  4:26  Marine  
  40  4:28  Stimpack  
  43  4:38  Refinery, Marine x2  
  45  4:48  Starport, SCV x2  
  47  5:00  SCV x2  
  47  5:03  Marine x3  
  47  5:04  Engineering Bay, Marine  
  47  5:06  Engineering Bay  
  53  5:12  Marine, SCV x2  
  56  5:23  Refinery  
  56  5:24  SCV x2  
  56  5:26  Marine x4  
  62  5:30  Starport Reactor  
  62  5:33  Missile Turret  
  62  5:36  SCV x2  
  62  5:39  Terran Infantry Weapons Level 1  
  62  5:40  Terran Infantry Armor Level 1  
  64  5:43  Marine  
  64  5:44  Marine x3  
  64  5:49  SCV x2  
  70  5:55  Supply Depot  
  70  5:59  Supply Depot  
  70  6:04  Marine x4, SCV  
  70  6:05  Marine, SCV  
  77  6:17  Medivac x2  
  81  6:20  Supply Depot  
  81  6:22  SCV x2  
  83  6:25  Marine  
  83  6:26  Marine x4  
  88  6:37  Supply Depot  
  88  6:42  Siege Tank  
  88  6:43  Marine  
  88  6:47  Medivac x2  
  96  6:48  Supply Depot  
  96  6:49  SCV  
  97  7:15  Siege Tank, Liberator x2  
  100  7:19  Marine x3  
  100  7:20  Marine  
  104  7:25  Marine  
  104  7:26  Command Center  
  105  7:34  Supply Depot  
  111  7:37  Marine x2  
  111  7:42  SCV x2  
  111  7:44  Combat Shields  
  115  7:51  Barracks  
  115  7:52  Barracks, Siege Tank  
  118  8:00  Missile Turret  
  118  8:01  Marine x2  
  118  8:02  Marine  
  121  8:20  Marine x2  
  121  8:21  Marine x2  
  125  8:29  Supply Depot  
  125  8:31  Marauder  
  125  8:32  Supply Depot  
  127  8:38  Marine x3  
  130  8:58  Liberator x2  
  130  9:10  Marine x4  
  130  9:12  Siege Tank  
  143  9:24  Marine  
  144  9:33  Orbital Command  
  144  9:34  SCV  
  144  9:35  SCV  
  146  9:43  Marine x4  
  146  9:44  Marauder, Siege Tank  
  155  9:46  Barracks Reactor x2  
  155  9:47  SCV  
  155  9:51  Supply Depot  
  156  9:53  Supply Depot  
  156  9:54  Armory  
  156  10:12  Liberator x2  
  156  10:25  Marine x2  
  156  10:26  Marine x5  
  156  10:27  Marauder, Marine  
  166  10:29  Siege Tank  
  166  10:34  SCV x3  
  178  10:43  Marine  
  178  10:46  SCV  
  180  11:00  Liberator x2  
  180  11:10  Siege Tank  
  180  11:11  Marine  
  180  11:17  Marine x8  
  195  11:23  Starport  
  195  11:25  Starport  
  195  11:26  Terran Infantry Weapons Level 2  
  195  11:29  Marine  
  196  11:35  Marine  
  197  11:45  Marine x2  
  155  12:00  Medivac  
  155  12:01  Medivac  
  149  12:02  Marine  
  149  12:03  Marine x6  
  149  12:04  Marine  
  149  12:05  Marauder  
  159  12:09  Siege Tank  
  159  12:11  Starport Reactor  
  159  12:12  Starport Reactor  
  159  12:13  Liberator  
  159  12:14  Starport Tech Lab  
  162  12:17  Supply Depot  
  162  12:20  Marine x3  
  162  12:21  Supply Depot, Marine x2  
  167  12:24  Liberator  
  167  12:35  Raven  
  172  12:41  Siege Tank  
  178  12:50  Marine x6  
  178  12:51  Marine x2  
  186  13:16  Refinery  
  186  13:18  Refinery, Raven  
  166  13:52  Marine x6  
  166  13:53  Marine x2  
  163  14:09  Marine  
  159  14:10  Marine x4  
  163  14:23  Marine x2  
  163  14:24  Marine x2  
  155  14:27  Marine  
  150  14:33  Marine x3  
  150  14:34  Marine  
  149  14:41  Marine  
  149  14:45  Marauder, Marine x3  
  152  14:51  Marine x4  
  146  14:59  Marine  
  147  15:01  Medivac x5  
  147  15:03  Marine x3  
  147  15:04  Siege Tank  
  147  15:06  Marine  
  164  15:31  Command Center  
  164  15:37  Siege Tank  
  167  15:48  Liberator x3  
  167  15:49  Liberator x2  
  182  16:25  Marine  
  182  16:26  Marine x4  
  182  16:27  Marine  
  136  17:17  Marine x3  
  136  17:18  Marine x5  
  141  17:35  Marine x3  
  141  17:42  Marine  
  141  17:43  Marine x4  
  146  17:53  Marine x3  
  146  18:00  Marine x2  
  146  18:01  Liberator x2  
  146  18:02  Liberator x3  
  146  18:04  Marine x3  
  151  18:15  Marine x3  
  151  18:18  Marine x2  
  171  18:22  Marine x2  
  172  18:44  Liberator x4  
  172  18:53  Marine x3  
  172  18:54  Marine x5  
  192  19:11  Marine  
  152  20:45  Liberator x5  
  143  21:00  Marine x5  
  143  21:01  Marine x3  
  166  21:10  Command Center  
  166  21:18  Marine x7  
  168  21:19  Marine  
  168  21:23  Refinery, Planetary Fortress  
  168  21:24  Refinery  
  174  21:28  Liberator x4  
  174  21:35  Marine  
  174  21:36  Marine x2  
  174  21:37  Marine  
  174  21:38  Marine x4  
  194  21:53  Marine x2  
  194  21:54  Marine  
  197  22:00  Marine  
  197  22:01  Marine x2  
  200  22:33  Command Center  
  200  22:35  Refinery  
  167  23:29  Marine  
  167  23:30  Marine x6  
  167  23:31  Marine  
Tags
 
Add a new tag
Caveats
  • Supply blocks, unpowered buildings, or Contaminate may cause inaccurate times.
  • Supply counts are checked every 10 seconds.